 Dungeon Crawl Stone Soup version 0.27-a0-887-gcab673c142 (webtiles) character file.

Game seed: 16268541375401699666

9 jestyr24 the Firebug (level 2, 20/20 HPs)
             Began as a Hill Orc Fire Elementalist on Apr 3, 2021.
             Was a Believer of Lugonu.
             Quit the game on level 1 of the Dungeon.
             The game lasted 00:03:23 (289 turns).

jestyr24 the Firebug (Hill Orc Fire Elementalist)    Turns: 289, Time: 00:03:23

Health: 20/20      AC:  2    Str: 10    XL:     2   Next: 16%
Magic:  4/4        EV: 12    Int: 15    God:    Lugonu [**....]
Gold:   13         SH:  0    Dex: 11    Spells: 3/4 levels left

rFire    . . .     SeeInvis .   b - +0 hand axe
rCold    . . .     Faith    .   (no shield)
rNeg     . . .     Spirit   .   a - +0 robe
rPois    .         Reflect  .   (no helmet)
rElec    .         Harm     .   (no cloak)
rCorr    .         Rampage  .   (no gloves)
Will     .....                  (no boots)
Stlth    ++........             (no amulet)
HPRegen  0.06/turn              (no ring)
MPRegen  0.09/turn              (no ring)

@: no status effects
A: no striking features
a: Renounce Religion, Depart the Abyss, Bend Space


You were on level 1 of the Dungeon.
You worshipped Lugonu.
Lugonu was pleased with you.
You visited 1 branch of the dungeon, and saw 1 of its levels.

You collected 13 gold pieces.

Inventory:

Hand Weapons
 b - a +0 hand axe (weapon)
Armour
 a - a +0 robe (worn)
Scrolls
 c - a scroll of identify {unknown}


   Skills:
 * Level 0.2 Fighting
 - Level 1.5 Dodging
 - Level 1.5 Stealth
 + Level 1.6 Spellcasting
 + Level 1.0 Conjurations
 + Level 3.8 Fire Magic


You had 3 spell levels left.
You knew the following spells:

 Your Spells              Type           Power      Damage    Failure   Level
a - Foxfire               Conj/Fire      32%        2x1d5     9%          1

Your spell library contained the following spells:

 Spells                   Type           Power      Damage    Failure   Level
 Conjure Flame            Conj/Fire      8%         6-21      26%         3
 Inner Flame              Hex/Fire       7%         N/A       30%         3
 Sticky Flame             Conj/Fire      8%         2d3       63%         4
 Fireball                 Conj/Fire      4%         3d4       93%         5


Dungeon Overview and Level Annotations

Branches:
Dungeon (1/15)

Altars:
Lugonu


Message History

HP restored.
You start resting.
Magic restored.
A hobgoblin comes into view.
Casting: Foxfire (safe; 9% risk of failure)
Confirm with . or Enter, or press ? or * to list all spells.
You conjure some foxfire!
The foxfire hits the hobgoblin.
The hobgoblin is moderately wounded.
Unknown command.
The foxfire hits the hobgoblin.
The hobgoblin is severely wounded.
Casting: Foxfire (safe; 9% risk of failure)
Confirm with . or Enter, or press ? or * to list all spells.
You conjure some foxfire!
The foxfire hits the hobgoblin.
You kill the hobgoblin!
A kobold comes into view. It is wielding a +0 club.
Found a scroll labelled JOITARR MUVVYQE.
Found a faded altar of an unknown god.
The kobold shouts!
Casting: Foxfire (safe; 9% risk of failure)
Confirm with . or Enter, or press ? or * to list all spells.
You conjure some foxfire!
The foxfire hits the kobold.
You kill the kobold!
Things that are here:
a +0 club; a kobold corpse Your foxfire dissipates!
c - a scroll labelled JOITARR MUVVYQE
There is a faded altar of an unknown god here.
Found a stone staircase leading down.
There is a faded altar of an unknown god here.
You cannot tell which god this altar belongs to.
Convert to them anyway?
Lugonu accepts your prayer! Lugonu welcomes you!
You can now depart the Abyss.
You can now bend space around yourself.
Annotate which branch? (. - D:1, ? - help, ! - show branch list)
Okay, then.
Are you sure you want to abandon this character and quit the game? (Confirm with "yes".)

#########..######
#....).....#
#..........#
.......########.#
######. #.# ..
#.# ### #.# #_#
#@# #.#
########.#
.....>...#
##########


There were no monsters in sight!

Vanquished Creatures
  A bat (D:1)
  2 endoplasms (D:1)
  A goblin (D:1)
  A hobgoblin (D:1)
  2 ball pythons (D:1)
  A frilled lizard (D:1)
  A kobold (D:1)
9 creatures vanquished.

Vanquished Creatures (others)
  18 foxfires (D:1)
18 creatures vanquished.

Grand Total: 27 creatures vanquished

Notes
Turn   | Place    | Note
-------+----------+-------------------------------------------
     0 | D:1      | jestyr24 the Hill Orc Fire Elementalist began the quest for
                  | the Orb.
     0 | D:1      | Reached XP level 1. HP: 14/14 MP: 3/3
   196 | D:1      | Reached XP level 2. HP: 19/20 MP: 1/4
   256 | D:1      | Found a faded altar of an unknown god.
   287 | D:1      | Became a worshipper of Lugonu the Unformed
   287 | D:1      | Reached * piety under Lugonu
   287 | D:1      | Reached ** piety under Lugonu
   289 | D:1      | Quit the game

Illustrated notes

Levels and vault maps discovered:
D:1:      mrwooster_arrival_statue_2, layout_loops_ring, basic_ecumenical_altar,
          corexii_item_surrounded_by_moat

Action                   || total
-------------------------++-------
 Cast: Foxfire           ||    11
Dodge: Dodged            ||     1

Table legend: (Time is in decaauts)
 A = Elapsed time spent in this place.
 B = Non-inter-level travel time spent in this place.
 C = Inter-level travel time spent in this place.
 D = Time resting spent in this place.
 E = Time spent auto-exploring this place.
 F = Levels seen in this place.
 G = Mean time per level.
                   A        B        C        D        E       F      G
               +--------+--------+--------+--------+--------+-----+--------+
         Total |    288 |    288 |      0 |     81 |    105 |   1 |  288.0 |
       Dungeon |    288 |    288 |      0 |     81 |    105 |   1 |  288.0 |
               +--------+--------+--------+--------+--------+-----+--------+

Top non-repeatable levels by time:
     D:1: 288 daAuts
